 Dungeon Crawl Stone Soup version 0.18.1-50-g88ac8fd (webtiles) character file.

282 ololoev the Chopper (level 6, 34/49 HPs)
             Began as a Demonspawn Berserker on Oct 28, 2016.
             Was a Believer of Trog.
             Quit the game on level 4 of the Dungeon.
             The game lasted 00:04:05 (841 turns).

ololoev the Chopper (Demonspawn Berserker)           Turns: 841, Time: 00:04:05

Health: 34/49      AC: 13    Str: 19    XL:     6   Next: 6%
Magic:  6/6        EV:  6    Int:  9    God:    Trog [**....]
Gold:   100        SH:  0    Dex: 12    Spells: 0 memorised, 5 levels left

rFire  . . .     SeeInvis .     a - +0 hand axe
rCold  . . .     Gourm    .     e - +0 plate armour
rNeg   . . .     Faith    .     (no shield)
rPois  .         Spirit   .     (no helmet)
rElec  .         Dismiss  .     (no cloak)
rCorr  .         Reflect  .     (no gloves)
SustAt .         Harm     .     (no boots)
MR     .....                    (no amulet)
Stlth  ..........               (no ring)
                                (no ring)

@: exhausted, slowed, very slow, not resistant to hostile enchantments,
extremely unstealthy
A: hooves 2, yellow scales 1
a: Berserk, Trog's Hand, Burn Spellbooks, Renounce Religion


Innate Abilities, Weirdness & Mutations

You have hoof-like feet.
You are partially covered in yellow scales (AC +2).

Inventory:

Hand Weapons
 a - a +0 hand axe (weapon)
Armour
 e - a +0 plate armour (worn)
Wands
 j - a wand of lightning (9/15)
Scrolls
 d - 5 scrolls of identify {unknown}
 f - a scroll of enchant weapon {unknown}
 i - a scroll of amnesia {unknown}
Potions
 b - a potion of resistance {unknown}
 g - a potion of degeneration {unknown}
Miscellaneous
 h - a plain deck of escape
Comestibles
 c - 2 bread rations
 k - a chunk of flesh


   Skills:
 + Level 4.4 Fighting
 * Level 4.5 Axes
 + Level 3.3 Armour
 - Level 1.7 Dodging


You had 5 spell levels left.
You didn't know any spells.


You were on level 4 of the Dungeon.
You worshipped Trog.
Trog was pleased with you.
You were near starving.

You visited 1 branch of the dungeon, and saw 4 of its levels.

You collected 100 gold pieces.

#.# #.# ##### #.##..... ........#
# #.>....? #. #....# #.# ##..#
#.###W@)# #...#.†...... #.. #
##.###...##.# #.. #. #.# ##(# #..
#.# ######.####.... # #..
#..###............... #.####..
###..<##.###.#####....##.#.......
...[.....###.# .# $.......h
###...##..##.# #......<.

Notes
Turn   | Place    | Note
--------------------------------------------------------------
     0 | D:1      | ololoev the Demonspawn Berserker began the quest for the Orb.
     0 | D:1      | Reached XP level 1. HP: 18/18 MP: 1/1
   160 | D:2      | Gained mutation: You have large cloven feet. [demonic ancestry]
   160 | D:2      | Reached XP level 2. HP: 12/24 MP: 2/2
   335 | D:4      | Noticed Edmund
   340 | D:3      | Reached XP level 3. HP: 14/29 MP: 3/3
   366 | D:3      | Reached ** piety under Trog
   452 | D:3      | Found a sparkling altar of Nemelex Xobeh.
   724 | D:3      | Gained mutation: You are partially covered in yellow scales (AC +2). [demonic ancestry]
   724 | D:3      | Reached XP level 4. HP: 24/36 MP: 4/4
   814 | D:4      | Gained mutation: You have hoof-like feet. [demonic ancestry]
   814 | D:4      | Reached XP level 5. HP: 30/42 MP: 5/5
   836 | D:4      | Noticed grisgris's ghost (amateur DEFE)
   840 | D:4      | Killed Edmund
   840 | D:4      | Reached XP level 6. HP: 49/49 MP: 6/6
   841 | D:4      | Quit the game

Dungeon Overview and Level Annotations

Branches:
Dungeon (4/15)
 Temple: D:4-7

Altars:
Nemelex Xobeh

Annotations:
D:4 grisgris's ghost, amateur DEFE


Message History

The jackal bites you but does no damage. x2
You slash Edmund! Your kick misses Edmund.
Edmund is moderately wounded.
You slash the jackal!
You kill the jackal!
Trog accepts your kill. Edmund barely misses you.
Your plate armour prevents you from hitting Edmund.
You kick Edmund!
Edmund is heavily wounded.
Edmund hits you but does no damage.
Your plate armour prevents you from hitting Edmund.
Edmund is heavily wounded.
You closely miss Edmund. Your kick misses Edmund.
Edmund is heavily wounded.
Edmund closely misses you.
You barely miss Edmund.
Edmund is heavily wounded.
You hit the dart slug.
The dart slug is heavily wounded.
You hit Edmund. Your kick misses Edmund.
Edmund is heavily wounded.
You slash the dart slug!
You kill the dart slug!
Trog accepts your kill.
Edmund hits you with a flail of holy wrath.
You convulse.
You closely miss Edmund. You kick Edmund.
Edmund is heavily wounded.
You hit Edmund. Your kick misses Edmund.
Edmund is severely wounded.
You hit the hound skeleton.
Your skin stops crawling.
You feel less resistant to hostile enchantments.
Edmund hits you but does no damage.
Grisgris's ghost (amateur Deep Elf Fire Elementalist) comes into view.
Press: ? - help, . - travel You can't see that place. [a rock wall.]
Your plate armour prevents you from hitting Edmund.
Edmund is severely wounded.
You slash the hound skeleton!
The hound skeleton bites you but does no damage.
You hit Edmund.
Edmund is severely wounded.
Your plate armour prevents you from hitting the hound skeleton.
The hound skeleton bites you but does no damage.
Edmund hits you but does no damage.
You hit Edmund but do no damage. You kick Edmund.
Edmund is almost dead.
You slash the hound skeleton! You barely miss grisgris's ghost.
The hound skeleton barely misses you.
Edmund hits you with a flail of holy wrath.
You convulse.
You hit Edmund.
Edmund is almost dead.
Your plate armour prevents you from hitting grisgris's ghost.
You barely miss the hound skeleton.
You are feeling very hungry.
The hound skeleton barely misses you. Grisgris's ghost hits you.
The hound skeleton barely misses you.
You hit Edmund.
You kill Edmund!
Trog accepts your kill.
Your Armour skill increases to level 3!
You have reached level 6!
Your experience leads to an increase in your attributes!
Your base attributes are Str 18, Int 9, Dex 12.
Increase (S)trength, (I)ntelligence, or (D)exterity?
You feel stronger.
You hit grisgris's ghost.
Grisgris's ghost is lightly damaged.
You hit the hound skeleton.
You destroy the hound skeleton!
You are no longer berserk.
You are exhausted.
You feel yourself slow down.
You are near starving!
Grisgris's ghost hits you but does no damage.
Are you sure you want to abandon this character and quit the game? (Confirm with "yes".)

You could see grisgris's ghost.

Vanquished Creatures
  Edmund (D:4)
  A howler monkey (D:4)
  A hound (D:4)
  A hound zombie (D:3)
  A hound skeleton (D:4)
  A worm (D:2)
  A dart slug (D:4)
  4 giant geckos
  6 orcs (D:3)
  A ball python (D:3)
  3 bats (D:3)
  3 giant cockroaches
  6 goblins
  2 hobgoblins
  3 jackals
  4 quokkas
  4 giant newts
  5 kobolds
  A quokka skeleton (D:4)
  5 rats (D:3)
54 creatures vanquished.

Action                   |  1- 3 |  4- 6 || total
-------------------------+-------+-------++-------
Melee: Hand axe          |   144 |    73 ||   217
       Kick              |    26 |    13 ||    39
Invok: Berserk           |     2 |     1 ||     3
       Trog's Hand       |     1 |     1 ||     2
  Eat: Chunk             |     2 |       ||     2
Armor: Plate armour      |   127 |    73 ||   200
Dodge: Dodged            |    57 |    27 ||    84

Vault maps used:
D:1:      ncdulo_wetmaze
D:2:      uniq_iyjb
D:3:      lemuel_zombie_altar_yredelemnul, roderic_nine_men_s_morris,
          nemelex_deck
D:4:      serial_shops, shop, first_bread, uniq_natasha, uniq_edmund
